 Dungeon Crawl Stone Soup version 0.22-a0-303-g4a852b3 (webtiles) character file.

66943 TooMuchDogx the Brawler (level 14, -5/136 HPs)
             Began as a Troll Berserker on Mar 25, 2018.
             Was a High Priest of Trog.
             Slain by a slime creature (13 damage)
             ... while paralysed by a great orb of eyes
             ... on level 1 of the Pits of Slime on Mar 27, 2018.
             The game lasted 00:57:29 (21787 turns).

TooMuchDogx the Brawler (Troll Berserker)          Turns: 21787, Time: 00:57:29

Health: -5/136     AC: 10    Str: 28    XL:     14   Next: 81%
Magic:  13/13      EV:  1    Int:  5    God:    Trog [*****.]
Gold:   1495       SH:  0    Dex: 13    Spells: 13/13 levels left

rFire    . . .     SeeInvis +     - Unarmed
rCold    . . .     Gourm    +   A - +0 shield
rNeg     . . .     Faith    .   Q - +3 troll leather armour
rPois    .         Spirit   .   (helmet restricted)
rElec    .         Reflect  .   (no cloak)
rCorr    .         Harm     .   (gloves unavailable)
MR       +....                  (boots unavailable)
Stlth    +.........             i - amulet of magic regeneration
HPRegen  1.12/turn              s - ring of see invisible
MPRegen  0.38/turn              r - +2 ring of intelligence

@: paralysed
A: large, unfitting armour, claws 3, fast metabolism 3, gourmand, regeneration
1, shaggy fur 1, tough skin 2
a: Berserk, Trog's Hand, Brothers in Arms, Renounce Religion


You were on level 1 of the Pits of Slime.
You worshipped Trog.
Trog was extremely pleased with you.
You were very full.

You visited 5 branches of the dungeon, and saw 20 of its levels.
You also visited: Labyrinth.

You collected 1795 gold pieces.
You spent 300 gold pieces at shops.

Inventory:

Missiles
 k - 24 tomahawks
 J - 15 javelins
 M - 8 large rocks (quivered)
Armour
 A - a +0 shield (worn)
 Q - a +3 troll leather armour (worn)
Jewellery
 a - an uncursed ring of flight
 d - an uncursed amulet of guardian spirit
 h - an uncursed ring of fire
 i - an amulet of magic regeneration (around neck)
 q - an uncursed amulet of magic regeneration
 r - a +2 ring of intelligence (right claw)
 s - a ring of see invisible (left claw)
 u - a +2 ring of dexterity
 x - a +3 ring of strength {unknown}
 E - a +5 ring of intelligence
 I - an uncursed ring of wizardry
 L - an uncursed ring of poison resistance
 T - an uncursed ring of resist corrosion
 W - the ring of Lioteps {rElec rC+++ rN+ Dex-3 Stlth-}
   (You took it off a minotaur in a labyrinth)

   [ring of loudness]

   It affects your dexterity (-3).
   It renders you almost immune to cold.
   It insulates you from electricity.
   It protects you from negative energy.
   It makes you less stealthy.
 Y - an uncursed ring of protection from magic
Wands
 g - a wand of flame (111)
 w - a wand of disintegration (13)
 C - a wand of digging (12)
Scrolls
 l - 13 scrolls of teleportation
 m - 7 scrolls of remove curse
 t - a scroll of acquirement {unknown}
 y - 4 scrolls of blinking
 z - 4 scrolls of enchant weapon
 R - a scroll of fear
 Z - 2 scrolls of enchant armour
Potions
 c - 2 potions of agility
 e - 7 potions of curing
 f - 3 potions of ambrosia
 n - 4 potions of invisibility
 o - 3 potions of magic {unknown}
 p - 3 potions of resistance
 v - 3 potions of flight
 D - 2 potions of heal wounds
 H - 2 potions of haste {unknown}
 K - 4 potions of berserk rage
 O - 2 potions of brilliance {unknown}
 U - a potion of mutation {unknown}
 X - a potion of lignification {unknown}
Miscellaneous
 N - a lamp of fire
 V - 2 boxes of beasts
Comestibles
 b - 35 rations


   Skills:
 - Level 8.0 Fighting
 - Level 8.0 Dodging
 - Level 9.5 Shields
 + Level 19.3 Unarmed Combat


You had 13 spell levels left.
You didn't know any spells.

Dungeon Overview and Level Annotations

Branches:
Dungeon (10/15)            Temple (0/1) D:4            Lair (6/6) D:8
 Shoals (0/4) Lair:4        Snake (0/4) Lair:2        Slime (1/5) Lair:6
    Orc (2/2) D:10            Elf (1/3) Orc:2

Altars:
Cheibriados
Elyvilon
Fedhas
Hepliaklqana
Makhleb
Okawaru
Qazlal
Ru
Sif Muna
Trog
Uskayaw
Wu Jian
Xom
Zin
Beogh
Jiyva

Shops:
D:8 ?([*   Orc:2 }**?

Portals:
Trove: D:10 (give +7 demon trident)


Innate Abilities, Weirdness & Mutations

You are too large for most types of armour.
You have claws for hands.
Your metabolism is lightning-fast.
You like to eat raw meat.
Your natural rate of healing is unusually fast.
You are covered in fur. (AC +1)
You have very tough skin. (AC +2)


Message History

You suddenly lose the ability to move!
The slime creature hits you but does no damage. x2
The slime creature hits you! The great orb of eyes bites you!
The slime creature hits you!
* * * LOW HITPOINT WARNING * * *
The slime creature hits you!
* * * LOW HITPOINT WARNING * * *
The slime creature hits you but does no damage.
The great orb of eyes bites you!
* * * LOW HITPOINT WARNING * * *
The slime creature hits you but does no damage.
The slime creature hits you!
* * * LOW HITPOINT WARNING * * *
The slime creature barely misses you. The great orb of eyes gazes at you.
You resist with significant effort. The slime creature hits you.
* * * LOW HITPOINT WARNING * * *
The slime creature hits you!
You die...

...## #...........
..#..##...........
.......#.....#..##.
...................
...................
...................
...................
......>.JG.........
.......J@J.....##.
..........<.....##
.................#
..##.....#..#...##
. #.............#
##..............
#..............
##.......##....
##....### ....


You could see a great orb of eyes and 3 slime creatures.

Vanquished Creatures
  Rupert (Lair:3)
  A dire elephant (Lair:6)
  A minotaur (Lab)
  4 catoblepae
  2 hydras
  6 two-headed ogres
  5 death yaks (Lair:6)
  A deep troll shaman (Lair:6)
  Nergalle (Lair:4)
  An unseen horror (Lab)
  2 deep trolls (Orc:2)
  Pikel (D:6)
  An orc sorcerer (Orc:1)
  2 oklob plants (Lair:4)
  A manticore (Lair:5)
  11 elephants
  4 black mambas
  A torpor snail (Lair:2)
  8 spiny frogs
  2 gargoyles (Lab)
  6 komodo dragons
  4 rime drakes
  A minotaur skeleton (Lab)
  4 polar bears
  7 trolls
  8 slime creatures
  Grinder (D:5)
  24 blink frogs
  7 hippogriffs
  6 dream sheep (Lair:5)
  2 shadows (Lab)
  Sigmund (D:6)
  44 yaks
  A wraith (Orc:1)
  6 basilisks
  A steam dragon (Lair:3)
  4 hungry ghosts (Lab)
  Edmund (D:6)
  7 nagas (Lair:2)
  11 water moccasins
  12 orc warriors
  7 porcupines
  2 sky beasts
  A necrophage (D:8)
  2 black bears
  5 wolves (Lair:6)
  An eye of draining (D:10)
  13 ogres
  7 centaurs
  15 crocodiles
  Blork the orc (D:5)
  17 bullfrogs
  A water moccasin skeleton (D:7)
  A scorpion (D:5)
  5 killer bees (D:9)
  5 wights (D:9)
  An electric eel (D:10)
  4 howler monkeys
  3 crimson imps
  5 jellies
  A quasit (D:10)
  5 orc wizards
  5 orc priests
  A centaur skeleton (D:10)
  8 hounds
  A bullfrog skeleton (D:7)
  Ijyb (D:4)
  5 worker ants
  4 iguanas
  A hound zombie (D:8)
  A hound skeleton (D:3)
  A howler monkey zombie (D:10)
  9 adders
  6 oozes
  2 adder skeletons
  2 worms
  2 dart slugs
  4 leopard geckos
  44 orcs
  4 ball pythons
  3 giant cockroaches
  3 goblins
  7 hobgoblins
  9 kobolds
  4 quokkas
  4 bats
  2 frilled lizards
  2 leopard gecko skeletons
  A leopard gecko zombie (D:8)
  6 rats
  A bush (Lair:6)
  3 fungi
  A plant (Lair:5)
463 creatures vanquished.

Vanquished Creatures (collateral kills)
  A stone giant (Orc:2)
  Josephine (Orc:1)
  2 ogre magi (Orc:2)
  A catoblepas (Lair:5)
  3 hydras (Lair:4)
  4 two-headed ogres
  An orc knight (Orc:2)
  A cyclops (Orc:2)
  A manticore (Lair:5)
  A black mamba (Lair:4)
  A spiny frog (Lair:4)
  2 trolls (Orc:2)
  3 blink frogs (Lair:4)
  2 wraiths (Orc:1)
  A yak (Lair:2)
  7 ogres
  2 crocodiles (Lair:4)
  A bullfrog (Lair:5)
  2 orc priests
  4 orcs
41 creatures vanquished.

Vanquished Creatures (others)
  3 bushes (Lair:2)
  20 fungi
  19 plants
42 creatures vanquished.

Grand Total: 546 creatures vanquished

Notes
Turn   | Place    | Note
-------+----------+-------------------------------------------
     0 | D:1      | TooMuchDogx the Troll Berserker began the quest for the Orb.
     0 | D:1      | Reached XP level 1. HP: 22/22 MP: 0/0
   123 | D:1      | Reached XP level 2. HP: 29/29 MP: 1/1
   395 | D:1      | Reached skill level 4 in Unarmed Combat
   885 | D:2      | Reached XP level 3. HP: 36/36 MP: 2/2
   930 | D:2      | Reached ** piety under Trog
  1758 | D:3      | Found a faded altar of an unknown god.
  1784 | D:3      | Reached XP level 4. HP: 42/44 MP: 3/3
  1797 | D:3      | Reached skill level 5 in Unarmed Combat
  1998 | D:3      | Reached XP level 5. HP: 14/50 MP: 4/4
  2171 | D:3      | Reached skill level 6 in Unarmed Combat
  2424 | D:4      | Found a staircase to the Ecumenical Temple.
  2424 | D:4      | Noticed Ijyb
  2432 | D:4      | Killed Ijyb
  2948 | D:4      | Found a sacrificial altar of Ru.
  3063 | D:5      | Entered Level 5 of the Dungeon
  3166 | D:5      | Reached XP level 6. HP: 59/59 MP: 5/5
  3217 | D:5      | Noticed a sky beast
  3228 | D:5      | Reached skill level 7 in Unarmed Combat
  3232 | D:5      | Killed a sky beast
  3298 | D:5      | Reached *** piety under Trog
  3298 | D:5      | Reached skill level 8 in Unarmed Combat
  3298 | D:5      | Reached XP level 7. HP: 19/66 MP: 0/6
  3468 | D:5      | Noticed Grinder
  3478 | D:5      | Killed Grinder
  3566 | D:5      | Reached skill level 9 in Unarmed Combat
  3569 | D:5      | Noticed Blork the orc
  3580 | D:5      | Killed Blork the orc
  4533 | D:6      | Reached XP level 8. HP: 74/74 MP: 7/7
  4538 | D:6      | Reached skill level 10 in Unarmed Combat
  4589 | D:6      | Noticed Edmund
  4598 | D:6      | Killed Edmund
  4697 | D:6      | Found an ornate altar of the Wu Jian Council.
  4697 | D:6      | Noticed Pikel
  4703 | D:6      | Killed Pikel
  4703 | D:6      | Reached skill level 5 in Fighting
  4733 | D:6      | Noticed Sigmund
  4750 | D:6      | Killed Sigmund
  4750 | D:6      | Reached XP level 9. HP: 89/89 MP: 6/8
  5102 | D:7      | Reached skill level 1 in Shields
  5332 | D:7      | Found a deep blue altar of Sif Muna.
  5333 | D:7      | Found a hide-covered altar of Uskayaw.
  5374 | D:7      | Found a blossoming altar of Fedhas.
  5378 | D:7      | Found a white marble altar of Elyvilon.
  5511 | D:7      | You fall through a shaft for 2 floors!
  5540 | D:9      | Reached **** piety under Trog
  5684 | D:9      | Reached skill level 5 in Shields
  5946 | D:9      | Found a burning altar of Makhleb.
  5947 | D:9      | Found a shimmering altar of Xom.
  6137 | D:8      | Found Nixziok's Magic Scroll Shop.
  6142 | D:8      | Bought a scroll of enchant armour for 90 gold pieces
  6300 | D:8      | Found Lirhinlutz's Antique Armour Shop.
  6312 | D:8      | Found Hutait's Weapon Boutique.
  6345 | D:8      | Reached XP level 10. HP: 81/97 MP: 5/9
  6490 | D:8      | Found a staircase to the Lair.
  6717 | D:8      | Found Hufeipy's Assorted Antiques.
  6972 | D:7      | Found a snail-covered altar of Cheibriados.
  7131 | D:7      | Found a hazy altar of Hepliaklqana.
  7132 | D:7      | Found a glowing silver altar of Zin.
  7557 | D:9      | Reached ***** piety under Trog
  7656 | D:9      | Found an iron altar of Okawaru.
  7657 | D:9      | Found a bloodstained altar of Trog.
  7757 | D:10     | Entered Level 10 of the Dungeon
  7757 | D:10     | Found a stormy altar of Qazlal.
  8064 | D:10     | Noticed a two-headed ogre
  8215 | D:10     | Killed a two-headed ogre
  8644 | D:10     | Found a staircase to the Orcish Mines.
  8722 | D:10     | Found a portal to a secret trove of treasure.
  8850 | Orc:1    | Entered Level 1 of the Orcish Mines
  9025 | Orc:2    | Entered Level 2 of the Orcish Mines
  9077 | Orc:2    | Found a staircase to the Elven Halls.
  9238 | Orc:2    | Found a roughly hewn altar of Beogh.
  9449 | Orc:2    | Noticed a two-headed ogre
  9456 | Orc:2    | Killed a two-headed ogre
  9456 | Orc:2    | Reached XP level 11. HP: 104/104 MP: 10/10
  9458 | Orc:2    | Noticed a two-headed ogre
  9469 | Orc:2    | Killed a two-headed ogre
  9469 | Orc:2    | Reached skill level 5 in Dodging
  9595 | Orc:1    | Noticed a two-headed ogre
  9598 | Orc:1    | Killed a two-headed ogre
  9614 | Orc:1    | Noticed Josephine
  9619 | Orc:1    | Killed Josephine
  9624 | Orc:1    | Noticed an orc sorcerer
  9634 | Orc:1    | Killed an orc sorcerer
  9845 | Orc:2    | Noticed a two-headed ogre
  9848 | Orc:2    | Noticed a two-headed ogre
  9851 | Orc:2    | Noticed an orc knight
  9854 | Orc:2    | Killed a two-headed ogre
  9855 | Orc:2    | Found Ciwetorgh's General Store.
  9867 | Orc:2    | Killed an orc knight
  9870 | Orc:2    | Killed a two-headed ogre
  9892 | Orc:2    | Noticed an ogre mage
  9896 | Orc:2    | Killed an ogre mage
 10141 | Orc:2    | Noticed a two-headed ogre
 10156 | Orc:2    | Killed a two-headed ogre
 10185 | Orc:2    | Noticed a two-headed ogre
 10229 | Orc:2    | Killed a two-headed ogre
 10229 | Orc:2    | Reached skill level 11 in Unarmed Combat
 10249 | Orc:2    | Noticed a deep troll
 10323 | Orc:2    | Noticed a deep troll
 10330 | Orc:2    | Killed a deep troll
 10336 | Orc:2    | Found Hofe's Magic Scroll Shoppe.
 10372 | Orc:2    | Found Wemyps's Gadget Boutique.
 10373 | Orc:2    | Found Naseus's General Store.
 10375 | Orc:2    | Bought a scroll of enchant armour for 105 gold pieces
 10375 | Orc:2    | Bought a scroll of enchant armour for 105 gold pieces
 10376 | Orc:2    | Noticed an ogre mage
 10379 | Orc:2    | Noticed a stone giant
 10398 | Orc:2    | Killed a stone giant
 10410 | Orc:2    | Killed an ogre mage
 10410 | Orc:2    | Reached skill level 12 in Unarmed Combat
 10410 | Orc:2    | Reached XP level 12. HP: 60/118 MP: 5/11
 10650 | Orc:2    | Noticed a two-headed ogre
 10657 | Orc:2    | Killed a two-headed ogre
 10732 | Orc:2    | Noticed a two-headed ogre
 10736 | Orc:2    | Killed a two-headed ogre
 11080 | Elf:1    | Entered Level 1 of the Elven Halls
 11189 | Orc:1    | Reached skill level 13 in Unarmed Combat
 11201 | Orc:1    | Found a roughly hewn altar of Beogh.
 11784 | Lair:1   | Entered Level 1 of the Lair of Beasts
 11990 | Lair:1   | Noticed a five-headed hydra
 11995 | Lair:1   | Killed a seven-headed hydra
 12716 | Lair:2   | Reached skill level 14 in Unarmed Combat
 12806 | Lair:2   | Found a labyrinth entrance.
 12833 | Lab      | Entered a labyrinth
 14257 | Lab      | Noticed a minotaur
 14265 | Lab      | Killed a minotaur
 14267 | Lab      | Got a coiled pewter ring
 14426 | Lair:2   | Reached XP level 13. HP: 123/126 MP: 10/12
 14506 | Lair:2   | Identified the ring of Lioteps {rElec rC+++ rN+ Dex-3 Stlth-} (You took it off a minotaur in a labyrinth)
 14516 | Lair:2   | Found a staircase to the Snake Pit.
 15140 | Lair:3   | Noticed Rupert
 15161 | Lair:3   | Killed Rupert
 15161 | Lair:3   | Reached skill level 15 in Unarmed Combat
 16421 | Lair:4   | Noticed Nergalle
 16429 | Lair:4   | Killed Nergalle
 16429 | Lair:4   | Received a gift from Trog
 16514 | Lair:4   | Reached skill level 16 in Unarmed Combat
 17304 | Lair:4   | Reached skill level 17 in Unarmed Combat
 17453 | Lair:4   | Found a staircase to the Shoals.
 17876 | Lair:5   | Reached XP level 14. HP: 97/136 MP: 10/13
 18968 | Lair:6   | Entered Level 6 of the Lair of Beasts
 19157 | Lair:5   | Upgraded the game from 0.22-a0-300-g82e80c5 to 0.22-a0-303-g4a852b3
 19665 | Lair:6   | Reached skill level 18 in Unarmed Combat
 21034 | Lair:6   | Reached skill level 19 in Unarmed Combat
 21357 | Lair:6   | Found a runed door.
 21358 | Lair:6   | Found a viscous altar of Jiyva.
 21358 | Lair:6   | Found a staircase to the Slime Pits.
 21631 | Slime:1  | Entered Level 1 of the Pits of Slime
 21758 | Slime:1  | Paralysed by a great orb of eyes for 4 turns
 21783 | Slime:1  | Paralysed by a great orb of eyes for 7 turns
 21787 | Slime:1  | Slain by a slime creature

Vault maps used:
D:1:      dpeg_arrival_chase
D:2:      corexii_leaking_fountain, kennysheep_generic_room_11
D:3:      chequers_ecumenical_altar_simple
D:4:      nicolae_ru_the_path_less_chosen, minmay_temple_entry_overgrown,
          first_ration, uniq_ijyb
D:5:      hangedman_decor_growths, uniq_blork_the_orc, uniq_grinder
D:6:      lemuel_doored_altar, uniq_pikel, uniq_edmund, uniq_sigmund
D:7:      nicolae_overflow_hidden_temple, gammafunk_temple_overflow_statue
D:8:      grunt_lair_entry_orc_guard_hut, serial_shops,
          nicolae_shop_competitors_out_of_business, shop, shop, shop_fountains
D:9:      grunt_temple_overflow_champion_of_chaos,
          grunt_temple_overflow_bloody_war
D:10:     orc_0_dummy, nicolae_trove_entry_columns, basic_altar, grunt_pizzeria,
          minmay_stone_trees_medium, hive_lemuel
Lair:1:   lemuel_fruit_tree, serial_bayou_shore_b
Lair:2:   minmay_snake_entry_guardpost_medium, lab_entry_generic,
          grunt_forest_large_clearing_hut
Lair:3:   uniq_rupert
Lair:4:   shoals_dummy_entry, infiniplex_staircase_pool_2,
          minmay_lair_oklob_chamber, grunt_megastairs_4, serial_bayou_shore_a,
          uniq_nergalle
Lair:5:   nzn_motion_control
Lair:6:   grunt_lair_end_beastmaster, slime_altar_2
Orc:1:    mines2_david, uniq_josephine
Orc:2:    st_orc_open, basic_altar
Elf:1:    eino_elf_arrival_the_gate, serial_shops, nicolae_shop_crystal,
          kennysheep_underground_church, lemuel_flamethrower_3
Lab:      labyrinth_spiral, lab_block, nicolae_lab_hexagon,
          labyrinth_skeletal_remains, nicolae_lab_swirl, nicolae_lab_do_over,
          nicolae_lab_lava

Skill      XL: |  1  2  3  4  5  6  7  8  9 10 11 12 13 14 |
---------------+-------------------------------------------+-----
Unarmed Combat | 4 5 6 8 9 10 12 14 17 19 | 19.3
Fighting       | 6 8 |  8.0
Shields        | 6 9 |  9.5
Dodging        | 4 6 8 |  8.0

Action                   |  1- 3 |  4- 6 |  7- 9 | 10-12 | 13-15 || total
-------------------------+-------+-------+-------+-------+-------++-------
Melee: Unarmed           |    95 |    79 |   208 |   493 |   774 ||  1649
       Punch             |     1 |     2 |     4 |       |       ||     7
       Hunting sling     |       |    25 |       |       |       ||    25
 Fire: Hunting sling     |       |     2 |       |       |       ||     2
Throw: Javelin           |       |       |       |    11 |       ||    11
       Stone             |       |       |       |     5 |       ||     5
       Large rock        |       |       |       |    14 |     6 ||    20
Invok: Berserk           |       |     1 |     3 |    11 |     4 ||    19
       Brothers in Arms  |       |       |       |     8 |    11 ||    19
  Use: Scroll            |       |     7 |     6 |     6 |     8 ||    27
       Potion            |       |       |       |       |     4 ||     4
 Stab: Sleeping          |     2 |       |       |       |       ||     2
       Distracted        |       |       |     2 |       |       ||     2
  Eat: Chunk             |    17 |    19 |    28 |    75 |    78 ||   217
       Ration            |       |       |       |     4 |       ||     4
Armor: Animal skin       |    31 |    44 |    40 |    19 |       ||   134
       Troll leather arm |       |       |       |    27 |   166 ||   193
Dodge: Dodged            |    55 |    64 |    87 |   166 |   372 ||   744
Block: Shield            |       |       |    50 |   312 |   435 ||   797

Table legend:
 A = Spawn XP
 B = Non-spawn XP
 C = Spawn XP percentage of total XP
 D = Spawn monster count
 E = Non-spawn monster count
 F = Spawn count percentage of total count
 G = Total turns spent on level
                    A         B        C        D         E        F      G
               +---------+---------+-------+---------+---------+-------+---------
         Total |       0 |   95634 |   0.0 |       0 |     499 |   0.0 | 21787
               +---------+---------+-------+---------+---------+-------+---------
           D:1 |       0 |      34 |   0.0 |       0 |      21 |   0.0 |   771
           D:2 |       0 |      49 |   0.0 |       0 |      16 |   0.0 |   938
           D:3 |       0 |     155 |   0.0 |       0 |      16 |   0.0 |   715
           D:4 |       0 |     102 |   0.0 |       0 |       8 |   0.0 |   639
           D:5 |       0 |    1026 |   0.0 |       0 |      16 |   0.0 |  1147
           D:6 |       0 |    1450 |   0.0 |       0 |      14 |   0.0 |   836
           D:7 |       0 |    1010 |   0.0 |       0 |      17 |   0.0 |   913
           D:8 |       0 |    1416 |   0.0 |       0 |      21 |   0.0 |   835
           D:9 |       0 |    2193 |   0.0 |       0 |      35 |   0.0 |  1145
          D:10 |       0 |    1901 |   0.0 |       0 |      20 |   0.0 |  1244
        Lair:1 |       0 |    3754 |   0.0 |       0 |      14 |   0.0 |   859
        Lair:2 |       0 |    8933 |   0.0 |       0 |      43 |   0.0 |  1036
        Lair:3 |       0 |    5598 |   0.0 |       0 |      13 |   0.0 |  1238
        Lair:4 |       0 |   13067 |   0.0 |       0 |      43 |   0.0 |  1439
        Lair:5 |       0 |    9190 |   0.0 |       0 |      32 |   0.0 |  2049
        Lair:6 |       0 |   23345 |   0.0 |       0 |      72 |   0.0 |  1880
       Slime:1 |       0 |     771 |   0.0 |       0 |       2 |   0.0 |    41
         Orc:1 |       0 |    3089 |   0.0 |       0 |      25 |   0.0 |   892
         Orc:2 |       0 |   14020 |   0.0 |       0 |      59 |   0.0 |  1695
           Lab |       0 |    4531 |   0.0 |       0 |      12 |   0.0 |  1461
               +---------+---------+-------+---------+---------+-------+---------
